 Dungeon Crawl Stone Soup version 0.28.0 (webtiles) character file.

Game seed: 4136142876773622816

65 themarg the Grasshopper (level 4, -4/41 HPs)
             Began as a Gnoll Wanderer on Feb 19, 2022.
             Was a Follower of Yredelemnul.
             Slain by Grinder (8 damage)
             ... while paralysed by Grinder
             ... on level 3 of the Dungeon.
             The game lasted 00:05:43 (2056 turns).

themarg the Grasshopper (Gnoll Wanderer)            Turns: 2056, Time: 00:05:44

Health: -4/41      AC:  5    Str: 13    XL:     4   Next: 13%
Magic:  8/8        EV:  2    Int:  9    God:    Yredelemnul [*.....]
Gold:   96         SH:  0    Dex: 14    Spells: 7/8 levels left

rFire   . . .      SeeInvis .   n - +3 whip (venom)
rCold   . . .      Faith    .   (no shield)
rNeg    . . .      Spirit   .   e - +0 ring mail
rPois   .          Reflect  .   (no helmet)
rElec   .          Harm     .   (no cloak)
rCorr   .          Rampage  .   (no gloves)
Will    .....                   (no boots)
Stlth   +.........              (no amulet)
HPRegen 0.13/turn               (no ring)
MPRegen 0.11/turn               (no ring)

@: paralysed
A: fangs 1, strong nose, distributed training
a: Renounce Religion, Recall Undead Harvest


You were on level 3 of the Dungeon.
You worshipped Yredelemnul.
Yredelemnul was noncommittal.
You visited 1 branch of the dungeon, and saw 3 of its levels.

You collected 96 gold pieces.

Inventory:

Hand Weapons
 a - a +1 hand axe
 n - a +3 whip of venom (weapon)
Missiles
 f - 3 poisoned darts
Armour
 b - a +0 leather armour
 d - a +0 chain mail
 e - a +0 ring mail (worn)
Magical Staves
 g - a staff of air
Scrolls
 h - 2 scrolls of blinking {unknown}
 l - a scroll of teleportation {unknown}
Potions
 c - 2 potions of haste {unknown}
 j - a potion of attraction {unknown}
 k - 2 potions of curing {unknown}
 m - a potion of lignification {unknown}


   Skills:
 + Level 6.6 Fighting
 + Level 1.0 Short Blades
 + Level 1.0 Long Blades
 + Level 2.7 Axes
 + Level 1.0 Maces & Flails
 + Level 1.0 Polearms
 + Level 1.0 Staves
 + Level 1.0 Slings
 + Level 1.0 Bows
 + Level 1.0 Crossbows
 + Level 1.0 Throwing
 + Level 1.0 Armour
 + Level 1.0 Dodging
 + Level 2.5 Stealth
 + Level 1.0 Shields
 + Level 1.0 Unarmed Combat
 + Level 2.9 Spellcasting
 + Level 0.8 Conjurations
 + Level 0.8 Hexes
 + Level 0.8 Summonings
 + Level 0.8 Necromancy
 + Level 7.1 Translocations
 + Level 0.8 Transmutations
 + Level 0.8 Fire Magic
 + Level 0.8 Ice Magic
 + Level 0.8 Air Magic
 + Level 0.8 Earth Magic
 + Level 0.8 Poison Magic
 + Level 1.1 Invocations
 + Level 1.0 Evocations


You had 7 spell levels left.
You knew the following spells:

 Your Spells              Type           Power      Damage    Failure   Level
a - Apportation           Tloc           28%        N/A       3%          1

Your spell library contained the following spells:

 Spells                   Type           Power      Damage    Failure   Level
 Blink                    Tloc           28%        N/A       5%          2
 Scorch                   Fire           4%         2d5       56%         2
 Iskenderun's Mystic Bla  Conj/Tloc      8%         2d4       77%         4
 Ignite Poison            Fire/Tmut/Pois 2%         N/A       80%         3
 Inner Flame              Hex/Fire       2%         N/A       80%         3
 Flame Wave               Conj/Fire      2%         2d4       99%         4
 Starburst                Conj/Fire      1%         6d3       100%        6


Dungeon Overview and Level Annotations

Branches:
Dungeon (3/15)

Altars:
Yredelemnul

Annotations:
D:3 Grinder


Innate Abilities, Weirdness & Mutations

You have very sharp teeth.
Your uncanny sense of smell can sniff out nearby items.
Your experience applies equally to all skills.


Message History

You kill the dart slug!
A black mist starts to gather...
Found a dagger.
You swap places.
Found 14 gold pieces.
You now have 96 gold pieces (gained 14).
Found a silvery potion.
Grinder comes into view.
Grinder shouts!
Grinder hits you.
You barely miss Grinder. Grinder hits you.
Your jackal zombie bites Grinder.
You hit Grinder.
Grinder is lightly wounded.
Grinder closely misses you.
Your jackal zombie bites Grinder but does no damage.
You hit Grinder. Your bite misses Grinder.
Grinder is moderately wounded.
Your jackal zombie bites Grinder.
Grinder hits you!
You writhe in agony.
You closely miss Grinder.
Grinder is moderately wounded.
Your jackal zombie bites Grinder.
Grinder gestures at you.
You suddenly lose the ability to move!
Your jackal zombie closely misses Grinder.
Grinder hits you but does no damage.
Your jackal zombie closely misses Grinder.
Grinder hits you.
You writhe in agony.
* * * LOW HITPOINT WARNING * * *
Your jackal zombie barely misses Grinder.
Grinder hits you.
* * * LOW HITPOINT WARNING * * *
Your jackal zombie closely misses Grinder.
Your jackal zombie bites Grinder.
Grinder barely misses you.
Your jackal zombie bites Grinder but does no damage.
Grinder gestures at you.
You barely resist.
Your jackal zombie bites Grinder but does no damage.
Grinder hits you!
You die...
Your body rises from the dead as a mindless zombie.

#..#.#.....
#######.)........
#........Z.......
#.#####Z......... #.#
#.......... #.#
#Z........ #.#
#.........
#5#####........
.######@ZZZ.....#####
.......ZZ.......#
..#.#.#..######.#
.........# .#
..#.#.#..# .#
#........# .#
#.#.#.#..# #..!.....#
#####....#


You could see Grinder (ally target), 2 friendly jackal zombies, a friendly
goblin zombie, the friendly Terence the human zombie and a friendly dart slug
zombie.

Vanquished Creatures
  Terence (D:3)
  A dart slug (D:3)
  2 bats (D:2)
  2 endoplasms (D:1)
  A giant cockroach (D:2)
  6 goblins
  2 hobgoblins
  5 jackals
  4 kobolds
  A quokka (D:2)
  3 ball pythons (D:1)
  4 frilled lizards (D:1)
32 creatures vanquished.

Vanquished Creatures (others)
  A goblin zombie (D:3)
1 creature vanquished.

Grand Total: 33 creatures vanquished

Notes
Turn   | Place    | Note
-------+----------+-------------------------------------------
     0 | D:1      | themarg the Gnoll Wanderer began the quest for the Orb.
     0 | D:1      | themarg set off with the following items: a +1 hand axe, a
                  | +0 leather armour; and the following spell memorised:
                  | Apportation; and the following spells available to
                  | memorise: Blink, Iskenderun's Mystic Blast
     0 | D:1      | Reached XP level 1. HP: 23/23 MP: 4/4
   276 | D:1      | Reached XP level 2. HP: 29/29 MP: 5/5
  1131 | D:2      | Got Userur's Disquisition on Heat
  1205 | D:2      | Reached XP level 3. HP: 30/35 MP: 7/7
  1487 | D:2      | Found a faded altar of an unknown god.
  1685 | D:2      | Prayed at the altar of an unknown god.
  1685 | D:2      | Became a worshipper of Yredelemnul the Dark
  1685 | D:2      | Reached * piety under Yredelemnul
  1906 | D:3      | Noticed Terence
  1917 | D:3      | Killed Terence
  1918 | D:3      | Reached skill level 1 in Short Blades
  1918 | D:3      | Reached skill level 1 in Long Blades
  1918 | D:3      | Reached skill level 1 in Maces & Flails
  1918 | D:3      | Reached skill level 1 in Polearms
  1918 | D:3      | Reached skill level 1 in Staves
  1918 | D:3      | Reached skill level 1 in Slings
  1918 | D:3      | Reached skill level 1 in Bows
  1918 | D:3      | Reached skill level 1 in Crossbows
  1918 | D:3      | Reached skill level 1 in Throwing
  1918 | D:3      | Reached skill level 1 in Armour
  1918 | D:3      | Reached skill level 1 in Dodging
  1918 | D:3      | Reached skill level 1 in Shields
  1918 | D:3      | Reached skill level 1 in Unarmed Combat
  1918 | D:3      | Reached skill level 1 in Invocations
  1918 | D:3      | Reached skill level 1 in Evocations
  1918 | D:3      | Reached XP level 4. HP: 30/41 MP: 8/8
  2043 | D:3      | Noticed Grinder
  2050 | D:3      | Paralysed by Grinder for 7 turns
  2056 | D:3      | Slain by Grinder

Illustrated notes

Levels and vault maps discovered:
D:1:      sevenhm_arrival_forest_fort_small_6, layout_loops_ring,
          columned_hall_lemuel
D:2:      layout_rooms, ebering_ecumenical_altar_webs
D:3:      layout_basic, serial_co_window_serial, co_window_corner_a,
          co_window_paths_a, co_window_paths_a, co_window_paths_b,
          co_window_corner_a, co_window_2corner, co_window_of_opportunity_b,
          co_window_of_opportunity_b, co_window_cross_4, co_window_broadway_a,
          co_window_paths_c, co_window_corner_ca, co_window_4corner_a,
          glass_columns_b, glass_columns_b, glass_columns_a, glass_columns_a,
          glass_columns_b, portal_sewer_entry_e, uniq_terence, uniq_grinder

Skill      XL: |  1  2  3 |
---------------+----------+-----
Short Blades   | 1 |  1.0
Long Blades    | 1 |  1.0
Maces & Flails | 1 |  1.0
Polearms       | 1 |  1.0
Staves         | 1 |  1.0
Slings         | 1 |  1.0
Bows           | 1 |  1.0
Crossbows      | 1 |  1.0
Throwing       | 1 |  1.0
Armour         | 1 |  1.0
Dodging        | 1 |  1.0
Shields        | 1 |  1.0
Unarmed Combat | 1 |  1.0
Invocations    | 1 |  1.1
Evocations     | 1 |  1.0
Fighting       | |  6.6
Axes           | |  2.7
Stealth        | |  2.5
Spellcasting   | |  2.9
Conjurations   | |  0.8
Hexes          | |  0.8
Summonings     | |  0.8
Necromancy     | |  0.8
Translocations | |  7.1
Transmutations | |  0.8
Fire Magic     | |  0.8
Ice Magic      | |  0.8
Air Magic      | |  0.8
Earth Magic    | |  0.8
Poison Magic   | |  0.8

Action                   |  1- 3 |  4- 6 || total
-------------------------+-------+-------++-------
Melee: Hand axe          |    79 |       ||    79
       Bite              |    12 |     1 ||    13
       Punch             |     1 |       ||     1
       Whip              |    18 |     8 ||    26
  Use: Scroll            |     1 |       ||     1
 Stab: Sleeping          |     2 |       ||     2
Armor: Ring mail         |    44 |     1 ||    45
       Leather armour    |     2 |       ||     2
Dodge: Dodged            |    58 |     5 ||    63
